 Dungeon Crawl Stone Soup version 0.20.0-15-g7f486f2 (webtiles) character file.

61 renl the Cudgeler (level 3, -1/30 HPs)
             Began as a Draconian Skald on June 22, 2017.
             Slain by Grinder (2 damage)
             ... on level 3 of the Dungeon.
             The game lasted 00:05:41 (1760 turns).

renl the Cudgeler (Draconian Skald)                 Turns: 1760, Time: 00:05:42

Health: -1/30      AC:  5    Str: 13    XL:     3   Next: 83%
Magic:  2/6        EV: 12    Int: 14    God:
Gold:   172        SH:  0    Dex: 10    Spells: 0/6 levels left

rFire    x . .     SeeInvis .   a - +0 mace
rCold    + . .     Gourm    .   (no shield)
rNeg     . . .     Faith    .   (armour unavailable)
rPois    .         Spirit   .   (helmet restricted)
rElec    .         Reflect  .   (no cloak)
rCorr    .         Harm     .   (no gloves)
MR       .....                  (no boots)
Stlth    +.........             (no amulet)
Regen    0.1/turn               d - ring of ice
MPRegen  0.1/turn               t - ring of wizardry

@: infused
A: unfitting armour, cold-blooded, AC +5
a: no special abilities


You were on level 3 of the Dungeon.
You were not hungry.

You visited 1 branch of the dungeon, and saw 3 of its levels.

You collected 172 gold pieces.

Inventory:

Hand Weapons
 a - a +0 mace (weapon)
Missiles
 g - 4 tomahawks (quivered)
Armour
 p - a +0 shield
Jewellery
 d - a ring of ice (left hand)
 t - a ring of wizardry (right hand)
Scrolls
 e - 3 scrolls of remove curse {unknown}
 i - a scroll of immolation {unknown}
 k - 4 scrolls of identify {unknown}
 l - 3 scrolls of recharging {unknown}
 n - a scroll of enchant armour {unknown}
 r - a scroll of fog {unknown}
 s - a scroll of teleportation {unknown}
Potions
 j - a potion of brilliance {unknown}
 m - a potion of might {unknown}
 o - a potion of cancellation {unknown}
Books
 b - a book of Battle

   Spells                             Type                      Level
   a - Infusion                       Charms                       1
   b - Shroud of Golubria             Charms/Translocation         2
   c - Song of Slaying                Charms                       2
   d - Spectral Weapon                Hexes/Charms                 3
   e - Regeneration                   Charms/Necromancy            3
Comestibles
 c - 2 bread rations
 f - a royal jelly
 h - a meat ration
 q - 3 chunks of flesh


   Skills:
 * Level 2.6 Fighting
 * Level 3.0 Maces & Flails
 + Level 2.5 Dodging
 + Level 2.1 Spellcasting
 * Level 3.0 Charms
 + Level 0.2 Necromancy
 + Level 0.2 Translocations


You couldn't memorise any spells.
You knew the following spells:

 Your Spells              Type           Power        Failure   Level  Hunger
a - Infusion              Chrm           ##..         2%          1    #......
b - Shroud of Golubria    Chrm/Tloc      #.........   8%          2    ###....
c - Regeneration          Chrm/Necr      #.........   14%         3    ###....


Dungeon Overview and Level Annotations

Branches:
Dungeon (3/15)

Altars:

Annotations:
D:3 Grinder


Innate Abilities, Weirdness & Mutations

Your plain brown scales are hard. (AC +5)
You cannot fit into any form of body armour.
You are cold-blooded and may be slowed by cold attacks.


Message History

You tail-slap Grinder, but do no damage.
Grinder is moderately wounded.
Your shroud begins to fray at the edges.
Grinder gestures at you.
You suddenly lose the ability to move!
Your shroud bends Grinder's attack away.
Grinder hits you but does no damage. x3
Grinder hits you!
You writhe in agony.
Your shroud falls apart!
You can move again.
Unknown command.
Unknown command.
Unknown command.
Unknown command.
You closely miss Grinder.
Grinder is moderately wounded.
Grinder hits you!
* * * LOW HITPOINT WARNING * * *
You writhe in agony.
You die...

####.# ########....####
#......'.......#
#.######.......# #.#
#..<.....# #.#
#.#...)..# #.#
#.#......#
###.#####.#...5..#
#.........#...@..#
##..#######....><#
##..#######......######
#.........#...........#
##.######.#...........#
#.........#...........#
###########...........#
#....................#
#.#########..........#


You could see Grinder.

Vanquished Creatures
  2 adders (D:2)
  2 dart slugs
  A ball python (D:2)
  2 giant cockroaches (D:1)
  6 goblins
  5 hobgoblins
  6 kobolds
  4 bats
  2 frilled lizards (D:1)
  8 rats
38 creatures vanquished.

Notes
Turn   | Place    | Note
-------+----------+-------------------------------------------
     0 | D:1      | renl the Draconian Skald began the quest for the Orb.
     0 | D:1      | Reached XP level 1. HP: 17/17 MP: 3/3
   227 | D:1      | Reached XP level 2. HP: 22/24 MP: 1/5
   231 | D:1      | Learned a level 2 spell: Shroud of Golubria
  1077 | D:2      | Reached XP level 3. HP: 19/30 MP: 4/6
  1082 | D:2      | Learned a level 3 spell: Regeneration
  1653 | D:3      | Noticed Grinder
  1755 | D:3      | Paralysed by Grinder for 5 turns
  1760 | D:3      | HP: 1/30 [Grinder (10)]
  1760 | D:3      | Slain by Grinder

Skill      XL: |  1  2  3 |
---------------+----------+-----
Charms         | 3 |  3.0
Maces & Flails | 3 |  3.0
Fighting       | |  2.6
Dodging        | |  2.5
Spellcasting   | |  2.1
Necromancy     | |  0.2
Translocations | |  0.2

Action                   || total
-------------------------++-------
Melee: Mace              ||   137
       Tailslap          ||    11
 Cast: Infusion          ||     4
       Shroud of Golubri ||     9
       Regeneration      ||     2
 Stab: Sleeping          ||     1
  Eat: Chunk             ||     4
Armor: Skin              ||    69
Dodge: Dodged            ||   113
